%YAML 1.1
%TAG !u! tag:unity3d.com,2011:
--- !u!1 &3378149562143251679
GameObject:
  m_ObjectHideFlags: 0
  m_CorrespondingSourceObject: {fileID: 0}
  m_PrefabInstance: {fileID: 0}
  m_PrefabAsset: {fileID: 0}
  serializedVersion: 6
  m_Component:
  - component: {fileID: 3378149562143251673}
  - component: {fileID: 3378149562143251674}
  - component: {fileID: 3378149562143251675}
  - component: {fileID: 3378149562143251676}
  - component: {fileID: 3378149562143251678}
  - component: {fileID: 3378149562143251677}
  - component: {fileID: 3378149562143251670}
  - component: {fileID: 3378149562143251671}
  - component: {fileID: 3378149562143251669}
  - component: {fileID: 3378149562143251672}
  - component: {fileID: 6043643915397402088}
  m_Layer: 0
  m_Name: Cube
  m_TagString: Untagged
  m_Icon: {fileID: 0}
  m_NavMeshLayer: 0
  m_StaticEditorFlags: 0
  m_IsActive: 1
--- !u!4 &3378149562143251673
Transform:
  m_ObjectHideFlags: 0
  m_CorrespondingSourceObject: {fileID: 0}
  m_PrefabInstance: {fileID: 0}
  m_PrefabAsset: {fileID: 0}
  m_GameObject: {fileID: 3378149562143251679}
  m_LocalRotation: {x: 0, y: 0, z: 0, w: 1}
  m_LocalPosition: {x: 8.36, y: 4.5, z: 0}
  m_LocalScale: {x: 1, y: 1, z: 1}
  m_Children: []
  m_Father: {fileID: 0}
  m_RootOrder: 0
  m_LocalEulerAnglesHint: {x: 0, y: 0, z: 0}
--- !u!33 &3378149562143251674
MeshFilter:
  m_ObjectHideFlags: 0
  m_CorrespondingSourceObject: {fileID: 0}
  m_PrefabInstance: {fileID: 0}
  m_PrefabAsset: {fileID: 0}
  m_GameObject: {fileID: 3378149562143251679}
  m_Mesh: {fileID: 10202, guid: 0000000000000000e000000000000000, type: 0}
--- !u!65 &3378149562143251675
BoxCollider:
  m_ObjectHideFlags: 0
  m_CorrespondingSourceObject: {fileID: 0}
  m_PrefabInstance: {fileID: 0}
  m_PrefabAsset: {fileID: 0}
  m_GameObject: {fileID: 3378149562143251679}
  m_Material: {fileID: 0}
  m_IsTrigger: 0
  m_Enabled: 1
  serializedVersion: 2
  m_Size: {x: 1, y: 1, z: 1}
  m_Center: {x: 0, y: 0, z: 0}
--- !u!23 &3378149562143251676
MeshRenderer:
  m_ObjectHideFlags: 0
  m_CorrespondingSourceObject: {fileID: 0}
  m_PrefabInstance: {fileID: 0}
  m_PrefabAsset: {fileID: 0}
  m_GameObject: {fileID: 3378149562143251679}
  m_Enabled: 1
  m_CastShadows: 1
  m_ReceiveShadows: 1
  m_DynamicOccludee: 1
  m_MotionVectors: 1
  m_LightProbeUsage: 1
  m_ReflectionProbeUsage: 1
  m_RayTracingMode: 2
  m_RayTraceProcedural: 0
  m_RenderingLayerMask: 4294967295
  m_RendererPriority: 0
  m_Materials:
  - {fileID: 2100000, guid: 31321ba15b8f8eb4c954353edc038b1d, type: 2}
  m_StaticBatchInfo:
    firstSubMesh: 0
    subMeshCount: 0
  m_StaticBatchRoot: {fileID: 0}
  m_ProbeAnchor: {fileID: 0}
  m_LightProbeVolumeOverride: {fileID: 0}
  m_ScaleInLightmap: 1
  m_ReceiveGI: 1
  m_PreserveUVs: 1
  m_IgnoreNormalsForChartDetection: 0
  m_ImportantGI: 0
  m_StitchLightmapSeams: 0
  m_SelectedEditorRenderState: 3
  m_MinimumChartSize: 4
  m_AutoUVMaxDistance: 0.5
  m_AutoUVMaxAngle: 89
  m_LightmapParameters: {fileID: 0}
  m_SortingLayerID: 0
  m_SortingLayer: 0
  m_SortingOrder: 0
  m_AdditionalVertexStreams: {fileID: 0}
--- !u!54 &3378149562143251678
Rigidbody:
  m_ObjectHideFlags: 0
  m_CorrespondingSourceObject: {fileID: 0}
  m_PrefabInstance: {fileID: 0}
  m_PrefabAsset: {fileID: 0}
  m_GameObject: {fileID: 3378149562143251679}
  serializedVersion: 2
  m_Mass: 1
  m_Drag: 0
  m_AngularDrag: 0.05
  m_UseGravity: 1
  m_IsKinematic: 0
  m_Interpolate: 0
  m_Constraints: 0
  m_CollisionDetection: 0
--- !u!114 &3378149562143251677
MonoBehaviour:
  m_ObjectHideFlags: 0
  m_CorrespondingSourceObject: {fileID: 0}
  m_PrefabInstance: {fileID: 0}
  m_PrefabAsset: {fileID: 0}
  m_GameObject: {fileID: 3378149562143251679}
  m_Enabled: 1
  m_EditorHideFlags: 0
  m_Script: {fileID: 11500000, guid: 5ed6e277b3a14658859373d1f7594929, type: 3}
  m_Name: 
  m_EditorClassIdentifier: 
  overrideCollectionName:
    overrideValue: 0
    value: 
  config: {fileID: 11400000, guid: dd0a3ea6c8ea8594ea1759e20d3b99cd, type: 2}
--- !u!114 &3378149562143251670
MonoBehaviour:
  m_ObjectHideFlags: 0
  m_CorrespondingSourceObject: {fileID: 0}
  m_PrefabInstance: {fileID: 0}
  m_PrefabAsset: {fileID: 0}
  m_GameObject: {fileID: 3378149562143251679}
  m_Enabled: 1
  m_EditorHideFlags: 0
  m_Script: {fileID: 11500000, guid: 6a6d911131354d26bf39f6a5a7326070, type: 3}
  m_Name: 
  m_EditorClassIdentifier: 
  overrideCollectionName:
    overrideValue: 0
    value: 
  config: {fileID: 11400000, guid: e3fe914e26bc6e648924a8e9cbe23170, type: 2}
--- !u!114 &3378149562143251671
MonoBehaviour:
  m_ObjectHideFlags: 0
  m_CorrespondingSourceObject: {fileID: 0}
  m_PrefabInstance: {fileID: 0}
  m_PrefabAsset: {fileID: 0}
  m_GameObject: {fileID: 3378149562143251679}
  m_Enabled: 1
  m_EditorHideFlags: 0
  m_Script: {fileID: 11500000, guid: fe72cd37895b4bf08e0dc00e71ede0d4, type: 3}
  m_Name: 
  m_EditorClassIdentifier: 
  overrideCollectionName:
    overrideValue: 0
    value: 
--- !u!114 &3378149562143251669
MonoBehaviour:
  m_ObjectHideFlags: 0
  m_CorrespondingSourceObject: {fileID: 0}
  m_PrefabInstance: {fileID: 0}
  m_PrefabAsset: {fileID: 0}
  m_GameObject: {fileID: 3378149562143251679}
  m_Enabled: 1
  m_EditorHideFlags: 0
  m_Script: {fileID: 11500000, guid: d1c7945fc9c94904a82816febddd31f4, type: 3}
  m_Name: 
  m_EditorClassIdentifier: 
  overrideCollectionName:
    overrideValue: 0
    value: 
--- !u!114 &3378149562143251672
MonoBehaviour:
  m_ObjectHideFlags: 0
  m_CorrespondingSourceObject: {fileID: 0}
  m_PrefabInstance: {fileID: 0}
  m_PrefabAsset: {fileID: 0}
  m_GameObject: {fileID: 3378149562143251679}
  m_Enabled: 1
  m_EditorHideFlags: 0
  m_Script: {fileID: 11500000, guid: 895153f045bf4f0faa3ef2453e41a44d, type: 3}
  m_Name: 
  m_EditorClassIdentifier: 
  overrideRecordingName:
    overrideValue: 1
    value: Cube
  metadata: {fileID: 0}
  childRecorders: []
  captureRecorders:
  - {fileID: 3378149562143251677}
  - {fileID: 3378149562143251670}
  - {fileID: 3378149562143251671}
  - {fileID: 3378149562143251669}
  recordingSystemRuntimeSets:
  - {fileID: 11400000, guid: 4b5a4d30913b83746a7c1c72779d1cf2, type: 2}
--- !u!114 &6043643915397402088
MonoBehaviour:
  m_ObjectHideFlags: 0
  m_CorrespondingSourceObject: {fileID: 0}
  m_PrefabInstance: {fileID: 0}
  m_PrefabAsset: {fileID: 0}
  m_GameObject: {fileID: 3378149562143251679}
  m_Enabled: 1
  m_EditorHideFlags: 0
  m_Script: {fileID: 11500000, guid: ea7ce18adeab447c882156c3da1ca688, type: 3}
  m_Name: 
  m_EditorClassIdentifier: 
  customEventRecorderConfigSlots:
  - {fileID: 3378149562143251669}
  captureOnCollisionEnter: 1
  onCollisionEnterEventName:
    overrideValue: 0
    value:
      useConstant: 1
      constantValue: On Collision Enter
      variable: {fileID: 0}
  onCollisionEnter:
    contactPointCount:
      propertyName:
        useConstant: 1
        constantValue: Contact Point Count
        variable: {fileID: 0}
      include: 0
    contactPoint:
      propertyName:
        useConstant: 1
        constantValue: Contact Point
        variable: {fileID: 0}
      include: 1
    impulse:
      propertyName:
        useConstant: 1
        constantValue: Impulse
        variable: {fileID: 0}
      include: 1
    relativeVelocity:
      propertyName:
        useConstant: 1
        constantValue: Relative Velocity
        variable: {fileID: 0}
      include: 0
    collidersName:
      propertyName:
        useConstant: 1
        constantValue: Name
        variable: {fileID: 0}
      include: 1
    normal:
      propertyName:
        useConstant: 1
        constantValue: Normal
        variable: {fileID: 0}
      include: 0
  captureOnCollisionExit: 1
  onCollisionExitEventName:
    overrideValue: 0
    value:
      useConstant: 1
      constantValue: On Collision Enter
      variable: {fileID: 0}
  onCollisionExit:
    contactPointCount:
      propertyName:
        useConstant: 1
        constantValue: Contact Point Count
        variable: {fileID: 0}
      include: 0
    contactPoint:
      propertyName:
        useConstant: 1
        constantValue: Contact Point
        variable: {fileID: 0}
      include: 0
    impulse:
      propertyName:
        useConstant: 1
        constantValue: Impulse
        variable: {fileID: 0}
      include: 0
    relativeVelocity:
      propertyName:
        useConstant: 1
        constantValue: Relative Velocity
        variable: {fileID: 0}
      include: 0
    collidersName:
      propertyName:
        useConstant: 1
        constantValue: Name
        variable: {fileID: 0}
      include: 0
    normal:
      propertyName:
        useConstant: 1
        constantValue: Normal
        variable: {fileID: 0}
      include: 0
